 Dungeon Crawl Stone Soup version 0.27-a0-994-g5030419646 (webtiles) character file.

Game seed: 8167971763385439287

130 Froggeryz the Shield-Bearer (level 5, 0/41 HPs)
             Began as a Formicid Fighter on Apr 16, 2021.
             Slain by a gnoll
             ... wielding a +0 halberd
              (1 damage)
             ... on level 3 of the Dungeon.
             The game lasted 00:03:16 (2849 turns).

Froggeryz the Shield-Bearer (Formicid Fighter)      Turns: 2849, Time: 00:03:17

Health: 0/41       AC:  6    Str: 21    XL:     5   Next: 36%
Magic:  5/5        EV:  8    Int:  8    God:
Gold:   44         SH: 10    Dex: 10    Spells: 4/4 levels left

rFire    . . .     SeeInvis +   a - +1 war axe
rCold    + . .     Faith    .   c - +1 kite shield
rNeg     . . .     Spirit   .   b - +0 scale mail
rPois    .         Reflect  .   (helmet unavailable)
rElec    .         Harm     .   (no cloak)
rCorr    .         Rampage  .   (no gloves)
Will     .....                  (no boots)
Stlth    ..........             (no amulet)
HPRegen  0.13/turn              f - ring of protection from cold
MPRegen  0.09/turn              (no ring)

@: brilliant
A: permanent stasis, dig shafts and tunnels, antennae 3, four strong arms
a: Dig, Shaft Self


You were on level 3 of the Dungeon.
You visited 1 branch of the dungeon, and saw 3 of its levels.

You collected 44 gold pieces.

Inventory:

Hand Weapons
 a - a +1 war axe (weapon)
Armour
 b - a +0 scale mail (worn)
 c - a +1 kite shield (worn)
 h - a +0 pair of boots
Jewellery
 f - a ring of protection from cold (left hand)
Scrolls
 e - 3 scrolls of enchant armour
 j - a scroll of magic mapping {unknown}
Potions
 d - a potion of might
 g - a potion of flight


   Skills:
 - Level 3.2 Fighting
 * Level 4.3 Axes
 - Level 3.2 Armour
 + Level 4.9 Shields


You had 4 spell levels left.
You didn't know any spells.
Your spell library contained the following spells:

 Spells                   Type           Power      Damage    Failure   Level
 Summon Small Mammal      Summ           0%         N/A       96%         1
 Call Imp                 Summ           0%         N/A       99%         2
 Call Canine Familiar     Summ           0%         N/A       100%        3
 Summon Guardian Golem    Hex/Summ       0%         N/A       100%        3
 Summon Ice Beast         Ice/Summ       0%         N/A       100%        4
 Summon Lightning Spire   Summ/Air       0%         N/A       100%        4


Dungeon Overview and Level Annotations

Branches:
Dungeon (3/15)

Altars:
Kikubaaqudgha
Sif Muna

Annotations:
D:3 Robin


Innate Abilities, Weirdness & Mutations

You cannot be hasted, slowed, berserked, paralysed or teleported.
You can dig through walls and to a lower floor.
You have a pair of large antennae on your head. (SInv)
Your four strong arms can wield two-handed weapons with a shield.


Message History

You barely miss the gnoll. The gnoll hits you but does no damage.
The gnoll closely misses you. The gnoll hits you with a +0 halberd!
You hit the gnoll but do no damage.
The gnoll is lightly wounded.
You slash the gnoll! You block the gnoll's attack.
The gnoll hits you with a +0 halberd! The gnoll hits you with a +4 spear.
Your shield and scale mail prevent you from hitting the gnoll.
The gnoll is lightly wounded.
You hit the gnoll. You block the gnoll's attack.
The gnoll hits you with a +4 spear!
* * * LOW HITPOINT WARNING * * *
You block the gnoll's attack.
Unknown command.
You barely miss the gnoll.
The gnoll is lightly wounded.
You barely miss the gnoll. You block the gnoll's attack. x3
Unknown command.
You barely miss the gnoll.
The gnoll is lightly wounded.
You barely miss the gnoll. You block the gnoll's attack.
The gnoll barely misses you. x2
It was a potion of brilliance.
You feel clever all of a sudden. The gnoll barely misses you.
The gnoll closely misses you.
You closely miss the gnoll.
The gnoll is lightly wounded.
You hit the gnoll but do no damage. You block the gnoll's attack.
The gnoll barely misses you. The gnoll hits you with a +4 spear!
* * * LOW HITPOINT WARNING * * *
Unknown command.
Press: ? - help, v - describe, . - travel, g - get item
Here: a gnoll, wielding a +4 spear (lightly wounded)
Items here: a +0 club; a goblin corpse.
The floor.
Unknown command.
Unknown command.
As you read the scroll labelled NUSTUN OGOIP, it crumbles to dust.
The creatures around you are filled with an inner flame!
It was a scroll of immolation.
The gnoll hits you with a +0 halberd.
You die...

##+#
##.###.....
#....# {
#....# #....#
#
{{#....####.#
{ #.........#
##.....####
#..gg.#
#...@.#
#.....#
#.....#
#.....#
#.....#
####.## #.#
#.# #.#


You could see 2 gnolls.

Vanquished Creatures
  An iguana (D:2)
  A gnoll (D:2)
  2 adders
  2 worms (D:2)
  4 dart slugs
  An orc (D:2)
  7 bats
  7 endoplasms
  3 giant cockroaches (D:1)
  6 hobgoblins
  2 jackals (D:1)
  A quokka (D:2)
  3 ball pythons
  2 frilled lizards
  5 goblins
  8 kobolds
  5 rats
60 creatures vanquished.

Notes
Turn   | Place    | Note
-------+----------+-------------------------------------------
     0 | D:1      | Froggeryz the Formicid Fighter began the quest for the Orb.
     0 | D:1      | Reached XP level 1. HP: 18/18 MP: 1/1
   256 | D:1      | Reached XP level 2. HP: 24/24 MP: 2/2
   738 | D:1      | Reached XP level 3. HP: 29/29 MP: 3/3
  1444 | D:2      | Reached XP level 4. HP: 3/35 MP: 4/4
  2260 | D:2      | Found a faded altar of an unknown god.
  2419 | D:3      | Found an ancient bone altar of Kikubaaqudgha.
  2423 | D:3      | Reached XP level 5. HP: 41/41 MP: 5/5
  2432 | D:3      | Noticed an ice beast
  2435 | D:3      | Noticed Robin
  2461 | D:3      | Found a shimmering blue altar of Sif Muna.
  2848 | D:3      | HP: 1/41 [gnoll/+4 spear (8)]
  2849 | D:3      | Slain by a gnoll

Illustrated notes

Levels and vault maps discovered:
D:1:      dpeg_arrival_lava_temple_mockup, layout_rooms, minmay_tromino_mix6
D:2:      layout_basic, ebering_ecumenical_altar_abandoned, hex_tiny
D:3:      layout_basic, nicolae_hepliaklqana_monster_ancestors,
          lemuel_doored_altar, overflow_temple_1_default, st_stairs_11,
          minmay_goblin_kobold_house, uniq_robin, uniq_sigmund

Skill      XL: |  1  2  3  4 |
---------------+-------------+-----
Shields        | 4 |  4.9
Axes           | 3 4 |  4.3
Fighting       | |  3.2
Armour         | |  3.2

Action                   |  1- 3 |  4- 6 || total
-------------------------+-------+-------++-------
Melee: War axe           |   112 |    62 ||   174
 Abil: Dig               |       |     3 ||     3
  Use: Scroll            |     4 |     1 ||     5
       Potion            |       |     2 ||     2
Armor: Scale mail        |    55 |    70 ||   125
Dodge: Dodged            |    48 |    64 ||   112
Block: Kite shield       |    73 |   122 ||   195

Table legend: (Time is in decaauts)
 A = Elapsed time spent in this place.
 B = Non-inter-level travel time spent in this place.
 C = Inter-level travel time spent in this place.
 D = Time resting spent in this place.
 E = Time spent auto-exploring this place.
 F = Levels seen in this place.
 G = Mean time per level.
                   A        B        C        D        E       F      G
               +--------+--------+--------+--------+--------+-----+--------+
         Total |   2938 |   2911 |     27 |    785 |   1584 |   3 |  979.3 |
       Dungeon |   2938 |   2911 |     27 |    785 |   1584 |   3 |  979.3 |
               +--------+--------+--------+--------+--------+-----+--------+

Top non-repeatable levels by time:
     D:2: 1628 daAuts
     D:1: 1165 daAuts
     D:3: 144 daAuts
